Description

Jjakji takes advantage of the map safety of Proxima Station to get the natural up very early, even before building any refineries - otherwise a very standard TvT build leading up to an epic simultaneous drop on the back natural and front of the third at around 100 supply, followed by a second attack on the third only 50 seconds later. He successfully eliminates 34 workers, with a supply lead of 122 to 78 at the end of the engagement while comfortably macroing off of 3 bases. He eventually loses the game for reasons unrelated to the build

VOD

https://youtu.be/-sRrtkbM_ys

Replay - GuMiho v jjakji: Game 1 - 프록시마 정거장 - 래더

Build Order

Get SALT Encoding   

  12  0:00  SCV  
  13  0:12  SCV  
  14  0:17  Supply Depot  
  14  0:25  SCV  
  15  0:39  SCV  
  16  0:51  SCV  
  17  1:00  Command Center  
  17  1:04  SCV  
  18  1:14  Barracks  
  18  1:17  SCV  
  19  1:22  Refinery x2  
  19  1:31  SCV  
  20  1:43  SCV  
  21  1:55  SCV  
  21  2:01  Marine  
  22  2:07  Factory  
  23  2:08  Orbital Command  
  22  2:19  Marine  
  24  2:23  Orbital Command  
  23  2:31  Bunker  
  23  2:35  SCV  
  24  2:40  Barracks Reactor  
  24  2:47  SCV x2  
  26  2:57  Hellion  
  28  2:59  SCV x2  
  28  3:05  Starport  
  30  3:09  Supply Depot  
  30  3:12  SCV x2  
  31  3:17  Marine x2  
  34  3:20  Widow Mine  
  34  3:24  SCV x2  
  38  3:33  Supply Depot  
  38  3:36  SCV x2, Marine x2  
  42  3:42  Viking  
  42  3:46  Engineering Bay  
  44  3:50  SCV x2  
  44  3:53  Factory Tech Lab  
  44  3:55  Marine x2  
  47  4:00  Supply Depot  
  47  4:02  SCV x2  
  50  4:15  SCV x2  
  50  4:16  Missile Turret  
  52  4:18  Factory Tech Lab  
  52  4:19  Marine x2  
  52  4:22  Raven  
  56  4:27  Supply Depot, SCV x2  
  58  4:37  Marine x2  
  60  4:41  Siege Tank  
  60  4:43  SCV x2  
  61  4:54  Command Center  
  61  4:56  Marine  
  61  4:57  SCV x2  
  64  5:01  Engineering Bay  
  64  5:06  Supply Depot  
  64  5:10  SCV x2  
  64  5:13  Starport Reactor  
  66  5:17  Barracks x2  
  66  5:21  Marine  
  66  5:22  Siege Tank  
  66  5:27  Supply Depot  
  66  5:28  Refinery x2, SCV x2  
  72  5:30  Terran Infantry Weapons Level 1  
  72  5:31  Stimpack  
  72  5:33  Terran Infantry Armor Level 1  
  72  5:40  SCV x2  
  72  5:41  Supply Depot, Marine  
  75  5:52  SCV x2  
  75  5:53  Barracks x2  
  75  5:59  Marine  
  76  6:04  SCV  
  76  6:05  Siege Tank, Starport Reactor  
  76  6:08  Orbital Command  
  76  6:09  Marine x2  
  82  6:12  SCV x2  
  82  6:17  Marine x2  
  86  6:24  SCV x2  
  86  6:25  Supply Depot  
  86  6:26  Marine x3  
  90  6:35  Marine x2  
  90  6:37  Siege Tank, SCV x2  
  96  6:41  Medivac x2, Orbital Command  
  101  6:49  SCV x2  
  101  6:52  Barracks Reactor x2  
  101  6:53  Supply Depot  
  103  6:54  Armory  
  103  6:55  Marine x4  
  89  7:15  Marine x5  
  82  7:18  Medivac x2  
  86  7:27  SCV x3  
  89  7:30  Refinery x2  
  89  7:31  Marine x6  
  89  7:32  Combat Shields  
  89  7:33  Barracks x2  
  95  7:38  Marine x3  
  95  7:41  SCV x3  
  100  7:48  Medivac x2  
  100  7:49  Supply Depot  
  100  7:50  Marine x4  
  108  7:53  SCV  
  110  7:59  Marine x5  
  110  8:04  Siege Tank  
  118  8:07  Factory  
  118  8:08  Marine x3  
  118  8:09  Missile Turret  
  121  8:16  Marine x4  
  121  8:18  Medivac x2  
  129  8:22  Marine x4  
  128  8:34  Marine x2  
  128  8:38  Siege Tank  
  120  8:45  Barracks Reactor x2, Marine x7  
  120  8:48  Medivac x2, Terran Infantry Weapons Level 2  
  128  8:52  Marine  
  131  8:58  Marine  
  130  9:07  Factory Tech Lab  
  125  9:10  Siege Tank  
  125  9:11  Marine x7  
  125  9:14  Command Center  
  125  9:16  Marine x6  
  126  9:18  Medivac x2  
  124  9:26  Siege Tank  
  124  9:29  Marine x2  
  129  9:35  Marine, Sensor Tower x2  
  130  9:43  Siege Tank  
  133  9:49  Marine x6  
  133  9:50  Viking  
  133  9:51  Supply Depot x3  
  136  9:58  Viking  
  138  10:00  Marine x3  
  138  10:06  Terran Infantry Armor Level 2  
  141  10:15  Marine x9  
  150  10:23  Siege Tank  
  150  10:26  Viking x2  
  157  10:38  Marine x7  
  160  10:44  Marine x5  
  163  10:50  Siege Tank  
  163  10:56  Medivac  
  161  11:03  Marine x12  
  171  11:09  Medivac  
  175  11:21  Marine x6  
  180  11:29  Terran Infantry Weapons Level 3  
  180  11:37  Supply Depot x2  
  180  11:45  Terran Vehicle Weapons Level 1  
  180  11:46  Supply Depot x2  
  180  11:49  Marine  
  180  11:59  Viking x2, Marine  
  185  12:02  Starport  
  185  12:07  Barracks Reactor  
  174  12:24  Marine x10  
  174  12:28  Terran Infantry Armor Level 3  
  184  12:31  Viking, Missile Turret x4  
  185  12:37  Viking  
  185  12:41  Planetary Fortress  
  187  12:53  Liberator x2  
  178  13:05  Viking x2  
  188  13:20  Missile Turret  
  188  13:23  Marine  
  189  13:28  Sensor Tower  
  189  13:38  Viking x2  
  193  13:44  Terran Vehicle Weapons Level 2  
  193  13:53  Viking x2  
  178  14:03  Marine x9  
  178  14:08  Viking  
  177  14:10  Marine  
  177  14:12  Siege Tank  
  181  14:19  Marine x2  
  182  14:27  Marine  
  182  14:30  Siege Tank  
  177  14:34  Medivac  
  175  14:42  Marine x6  
  175  14:44  Siege Tank  
  148  14:48  Marine x2  
  136  14:57  Marine x3  
  131  15:02  Siege Tank  
  131  15:06  Marine x4  
  138  15:11  Medivac x2  
  131  15:16  Siege Tank  
  131  15:18  Medivac x2  
  134  15:30  Marine x2  
  136  15:37  Marine  
  136  15:41  Medivac x2  
  139  15:45  Marine x6  
  147  15:51  Siege Tank x2  
  153  15:57  Marine x2  
  153  16:02  Orbital Command  
  155  16:05  Marine x7  
  160  16:12  Marine  
  160  16:17  Marine x5  
  165  16:22  Marine x3  
  165  16:32  Marine x5  
  160  16:39  Marine x7  
  170  16:53  Marine x10  
  171  16:59  Marine x3  
  173  17:03  Medivac  
  159  17:11  Marine x9  
  150  17:18  Marine x2  
  138  17:25  SCV x3  
  138  17:30  Marine  
  138  17:33  Viking x3  
  129  17:56  Siege Tank x2  
Spawning Tool Build Advisor. Get it on Overwolf

Analysis

One should note that the map Proxima Station LE has both the main and natural bases protected by a single ramp - this may be part of the reason he chose to start it before the first gas or any defensive units. On other maps it may be wise to delay that second command center until after you have some defensive units or have scouted that there will not be any aggression very early on

Additional commentary in the official ESL stream: https://youtu.be/u-DjvcavPUY?t=2m9s

Go to:

Details

  • Created by: getitdunn
  • Published on: Mar 25, 2017
  • Modified on: Mar 26, 2017
  • Patch: 3.8.0
Show
View Real Time Build Order
Export as new Build Order

Comments (0)

There are no comments. Be the first!

Create an account to comment!